 Dungeon Crawl Stone Soup version 0.20-a0-465-g6513c8f (webtiles) character file.

16 Kareekexe the Grave Robber (level 2, 0/20 HPs)
             Began as a Mummy Necromancer on Jan 12, 2017.
             Slain by a jackal (2 damage)
             ... on level 2 of the Dungeon.
             The game lasted 00:02:58 (791 turns).

Kareekexe the Grave Robber (Mummy Necromancer)       Turns: 791, Time: 00:02:59

Health: 0/20       AC:  3    Str: 11    XL:     2   Next: 41%
Magic:  1/6        EV: 10    Int: 14    God:
Gold:   42         SH:  0    Dex: 12    Spells: 6/7 levels left

rFire  x . .     SeeInvis .     (no weapon)
rCold  + . .     Gourm    .     a - +0 robe
rNeg   + + +     Faith    .     (no shield)
rPois  ∞         Spirit   .     (no helmet)
rElec  .         Reflect  .     c - +0 cloak (curse)
rCorr  .         Harm     .     (no gloves)
MR     .....                    (no boots)
Stlth  ++........               (no amulet)
                                (no ring)
                                h - -2 ring of evasion (curse)

@: no status effects
A: no food or potions, fire vulnerability, cold resistance 1, negative energy
resistance 3, torment resistance, unbreathing
a: no special abilities


You were on level 2 of the Dungeon.
You were not hungry.

You visited 1 branch of the dungeon, and saw 2 of its levels.

You collected 42 gold pieces.

Inventory:

Armour
 a - a +0 robe (worn)
 c - a cursed +0 cloak (worn)
Jewellery
 h - a cursed -2 ring of evasion (left hand)
Scrolls
 d - a scroll of blinking {unknown}
 e - a scroll of noise {unknown}
 f - a scroll of amnesia {unknown}
 g - a scroll of identify {unknown}
Books
 b - a book of Necromancy

   Spells                             Type                      Level
   a - Pain                           Necromancy                   1
   b - Animate Skeleton               Necromancy                   1
   c - Vampiric Draining              Necromancy                   3
   d - Regeneration                   Charms/Necromancy            3
   e - Animate Dead                   Necromancy                   4
   f - Control Undead                 Necromancy                   4


   Skills:
 + Level 0.8 Fighting
 + Level 1.9 Dodging
 - Level 1.5 Stealth
 + Level 3.1 Spellcasting
 + Level 4.0 Necromancy


You had 6 spell levels left.
You knew the following spells:

 Your Spells              Type           Power        Failure   Level  Hunger
a - Pain                  Necr           ##..         4%          1    N/A

Dungeon Overview and Level Annotations

Branches:
Dungeon (2/15)

Altars:


Innate Abilities, Weirdness & Mutations

You do not eat or drink.
Your flesh is vulnerable to fire.
You are immune to poison.
Your flesh is cold resistant. (rC+)
You are immune to negative energy. (rN+++)
You are immune to unholy pain and torment.
You can survive without breathing.


Message History

The jackal bites you.
* * * LOW HITPOINT WARNING * * *
You hit the jackal but do no damage.
The jackal bites you but does no damage.
Casting: Pain
Confirm with . or Enter, or press ? or * to list all spells.
Aiming: Pain
Press: ? - help, Shift-Dir - straight line, f/p - hobgoblin
Aim: a hobgoblin (chance to defeat MR: 83%)
The jackal barely resists.
The jackal closely misses you. The jackal misses you. The jackal bites you.
* * * LOW HITPOINT WARNING * * *
You hit the jackal.
The jackal is moderately wounded.
The jackal closely misses you. The jackal barely misses you.
You hit the jackal.
The jackal is severely wounded.
The jackal bites you.
You die...

.P..♣≈≈≈≈≈.....#......
♣P.♣≈♣≈≈≈...##.##.##
#....≈≈≈...###.# .#
##P.†♣P..### #.# #
#.#####.##..# #.#
#........g.## #.#
######g##### .. #h#
##########@###
#............#
#.###..#####.#
#.###..#### .#
#.#.......# .#
#.#.#..##.##.######
##.#.#..##.#.......#
#.............#
#.##..#.......#


You could see a jackal and a hobgoblin.

Vanquished Creatures
  A leopard gecko (D:2)
  A goblin (D:1)
  3 hobgoblins
  A jackal (D:2)
  3 kobolds (D:1)
  3 bats (D:1)
  A frilled lizard (D:1)
  A rat (D:1)
14 creatures vanquished.

Vanquished Creatures (others)
  4 toadstools (D:1)
4 creatures vanquished.

Grand Total: 18 creatures vanquished

Notes
Turn   | Place    | Note
-------+----------+-------------------------------------------
     0 | D:1      | Kareekexe the Mummy Necromancer began the quest for the Orb.
     0 | D:1      | Reached XP level 1. HP: 13/13 MP: 4/4
   553 | D:1      | Reached XP level 2. HP: 13/20 MP: 3/6
   791 | D:2      | Slain by a jackal

Vault maps used:
D:1:      ldierk_walled_garden_2
D:2:      chequers_ecumenical_altar_simple, serial_bayou_pond_a,
          hangedman_abyss_or_decor_stabs, grunt_ministairs_15,
          chequers_big_river

Skill      XL: |  1 |
---------------+----+-----
Spellcasting   | 3 |  3.1
Fighting       | |  0.8
Dodging        | |  1.9
Stealth        | |  1.5
Necromancy     | |  4.0

Action                   || total
-------------------------++-------
Melee: Unarmed           ||    19
 Cast: Pain              ||    33
Armor: Robe              ||     5
Dodge: Dodged            ||    19
